 Dungeon Crawl Stone Soup version 0.28-a0-620-g539b0f7ac7 (webtiles) character file.

Game seed: 10746247815013526028

368 tilp the Conjurer (level 6, -2/27 HPs)
             Began as a Felid Hedge Wizard on Oct 7, 2021.
             Killed from afar by Dowan (13 damage)
             ... with a stone arrow
             ... on level 4 of the Dungeon.
             The game lasted 00:12:30 (8359 turns).

tilp the Conjurer (Felid Hedge Wizard)              Turns: 8359, Time: 00:12:30

Health: -2/27      AC:  6    Str:  6    XL:     6   Next: 41%
Magic:  4/11       EV: 18    Int: 23    God:
Gold:   148        SH:  0    Dex: 16    Spells: 4/11 levels left
                                        Lives:  0   Deaths: 1

rFire   . . .      SeeInvis +     - Unarmed
rCold   . . .      Faith    .   (shield unavailable)
rNeg    . . .      Spirit   .   (armour unavailable)
rPois   .          Reflect  .   (helmet unavailable)
rElec   .          Harm     .   (cloak unavailable)
rCorr   .          Rampage  .   (gloves unavailable)
Will    .....                   (boots unavailable)
Stlth   +++.......              (no amulet)
HPRegen 0.09/turn               a - +4 ring of protection
MPRegen 0.12/turn               e - +6 ring of intelligence

@: on berserk cooldown, slowed, slow
A: very small, claws 1, fangs 3, see invisible, speed 1, shaggy fur 2, stealthy
paws, no weapons or thrown items, no armour, multi-lived
a: no special abilities


You were on level 4 of the Dungeon.
You visited 1 branch of the dungeon, and saw 4 of its levels.

You collected 148 gold pieces.

Inventory:

Jewellery
 a - a +4 ring of protection (left paw)
 e - a +6 ring of intelligence (right paw)
Scrolls
 c - a scroll of identify
 d - 2 scrolls of teleportation
 f - a scroll of immolation {unknown}
 g - a scroll of vulnerability {unknown}


   Skills:
 + Level 2.3 Fighting
 - Level 4.0 Dodging
 - Level 4.0 Stealth
 - Level 4.0 Unarmed Combat
 - Level 3.0 Spellcasting
 - Level 4.0 Conjurations
 - Level 1.0 Summonings
 - Level 1.5 Translocations


You had 4 spell levels left.
You knew the following spells:

 Your Spells              Type           Power      Damage    Failure   Level
a - Magic Dart            Conj           84%        1d7       2%          1
b - Call Imp              Summ           8%         N/A       12%         2
c - Blink                 Tloc           N/A        N/A       10%         2
d - Slow                  Hex            3%         N/A       17%         2

Your spell library contained the following spells:

 Spells                   Type           Power      Damage    Failure   Level
 Pain                     Necr           12%        1d4       12%         1
 Conjure Flame            Conj/Fire      12%        6-21      16%         3
 Lesser Beckoning         Tloc           10%        N/A       19%         3
 Mephitic Cloud           Conj/Pois/Air  9%         N/A       21%         3
 Manifold Assault         Tloc           10%        N/A       86%         5
 Agony                    Necr           3%         N/A       97%         5
 Excruciating Wounds      Necr           Unusable   N/A       N/A         5

Dungeon Overview and Level Annotations

Branches:
Dungeon (4/15)
 Temple: D:4-7

Altars:
Elyvilon

Shops:
D:1 (

Annotations:
D:3 3 runed translucent doors, sn0wgr3's ghost, amateur GrFi
D:4 Dowan


Innate Abilities, Weirdness & Mutations

You have sharp claws.
You have razor-sharp teeth.
You have supernaturally acute eyesight. (SInv)
You cover ground quickly. (Speed+)
You are covered in thick fur. (AC +2)
Your paws help you pounce on unaware monsters.
You are incapable of wielding weapons or throwing items.
You cannot wear armour.
You gain extra lives every three experience levels.


Message History

There's a creature in the doorway!
You completely miss Dowan. Your claw misses Dowan.
Dowan shakes with grief.
Dowan completely misses you. Dowan misses you.
You closely miss Dowan. You bite Dowan, but do no damage.
Dowan breathes, "And she was my only..."
Dowan closely misses you. Dowan barely misses you.
You aren't carrying any potions.
Unknown command.
You aren't carrying any potions.
You scratch Dowan.
Dowan is lightly wounded.
Dowan barely misses you. Dowan hits you with a +0 dagger.
* * * LOW HITPOINT WARNING * * *
You scratch Dowan.
Dowan is moderately wounded.
Dowan barely misses you. Dowan hits you but does no damage.
You scratch Dowan. Your bite misses Dowan.
Dowan is heavily wounded.
Dowan points at you and mumbles some strange words.
The shard of ice misses you. Dowan barely misses you.
You miss Dowan.
Dowan is heavily wounded.
Dowan gestures wildly while chanting.
Dowan blinks!
You scratch Dowan.
Dowan is severely wounded.
Dowan closely misses you.
Dowan says, "Her death will not be in vain!"
Dowan closely misses you. Dowan misses you.
You scratch Dowan but do no damage.
Dowan is severely wounded.
Dowan casts a spell.
Dowan blinks!
Dowan casts a spell.
Dowan blinks!
You start resting.
Dowan casts a spell at you. The stone arrow hits you!
You die...

........<...#########.....#
###..........)........#####
..#...................#
..########'#..........#
...........#..........#
..##.......######.....#
..##...##.......#.....####
..#######.......###e###..#
..#....##..##...@'...)...#
####...##).##....#...#...#
...#....#..##..########..#
...#...##..##..###.####..#
...#...##.......#...#....#
(..'....'.......#...#....#
...#>..##+###..##..##....#
####...##..##..##..##....#
#............#....#....#


You could see Dowan (fast).

Vanquished Creatures
  Duvessa (D:4)
  A centaur skeleton (D:4)
  An iguana (D:4)
  A hound skeleton (D:4)
  3 adders
  2 worms
  3 dart slugs
  7 orcs
  4 ball pythons
  8 endoplasms
  9 giant cockroaches
  16 goblins
  11 hobgoblins
  3 jackals (D:1)
  2 quokkas (D:1)
  4 bats (D:1)
  4 frilled lizards
  8 kobolds
  5 rats (D:1)
93 creatures vanquished.

Vanquished Creatures (collateral kills)
  Blork the orc (D:4)
  An orc priest (D:3)
  2 hounds (D:3)
  An orc wizard (D:4)
  Robin (D:3)
  A worm (D:2)
7 creatures vanquished.

Grand Total: 100 creatures vanquished

Notes
Turn   | Place    | Note
-------+----------+-------------------------------------------
     0 | D:1      | tilp the Felid Hedge Wizard began the quest for the Orb.
     0 | D:1      | Reached XP level 1. HP: 7/7 MP: 5/5
    37 | D:1      | Reached skill level 1 in Conjurations
   380 | D:1      | Reached XP level 2. HP: 11/11 MP: 1/7
   440 | D:1      | Learned a level 2 spell: Call Imp
   443 | D:1      | Learned a level 2 spell: Blink
   446 | D:1      | Learned a level 2 spell: Slow
   448 | D:1      | You fall into a shaft and drop 1 floor!
  1127 | D:1      | Found Jizitristre's Weapon Boutique.
  1137 | D:1      | Reached XP level 3. HP: 14/14 MP: 4/8
  1592 | D:1      | Found a faded altar of an unknown god.
  2922 | D:2      | Reached XP level 4. HP: 9/18 MP: 0/9
  3660 | D:3      | Found a white marble altar of Elyvilon.
  3831 | D:3      | Reached skill level 1 in Unarmed Combat
  3929 | D:3      | Reached XP level 5. HP: 21/21 MP: 6/10
  4073 | D:3      | Found a runed translucent gate.
  4073 | D:3      | Found a runed translucent gate.
  4073 | D:3      | Found a runed translucent gate.
  4108 | D:3      | Noticed sn0wgr3's ghost (amateur GrFi)
  4800 | D:4      | Noticed Blork the orc
  5220 | D:4      | Noticed Robin
  5799 | D:4      | Reached skill level 1 in Fighting
  6104 | D:4      | Gained mutation: You are covered in thick fur. (AC +2)
                  | [Felid growth]
  6104 | D:4      | Reached XP level 6. HP: 23/25 MP: 2/11
  6190 | D:4      | Noticed Duvessa
  6267 | D:4      | Noticed Dowan
  6367 | D:4      | HP: 1/25 [Duvessa (5)]
  6718 | D:3      | Killed Robin
  7259 | D:3      | Killed from afar by an orc priest
  7260 | D:3      | Reached XP level 5. HP: -1/22 MP: 2/10
  7912 | D:4      | Killed Blork the orc
  7913 | D:4      | Reached XP level 6. HP: 20/26 MP: 0/11
  8336 | D:4      | Killed Duvessa
  8359 | D:4      | Killed from afar by Dowan

Illustrated notes

Levels and vault maps discovered:
D:1:      nicolae_arrival_memento_mori, layout_basic, serial_shops, shop,
          shapermc_ecumenical_altar_petra
D:2:      layout_basic, serial_park_tiny_pond
D:3:      wad_pebble_path, layout_basic, mainiacjoe_overflow_tiny_flanked,
          gammafunk_ghost_icy
D:4:      layout_gridville, minivault_25, uniq_blork_the_orc, uniq_duvessa,
          uniq_robin

Skill      XL: |  1  2  3  4  5  6 |
---------------+-------------------+-----
Conjurations   | 1 2 3 4 |  4.0
Unarmed Combat | 1 3 4 |  4.0
Stealth        | 4 |  4.0
Dodging        | 4 |  4.0
Fighting       | 2 |  2.3
Spellcasting   | |  3.0
Summonings     | |  1.0
Translocations | |  1.5

Action                   |  1- 3 |  4- 6 || total
-------------------------+-------+-------++-------
Melee: Unarmed           |    33 |    29 ||    62
       Pseudopods        |     1 |     6 ||     7
       Bite              |       |     1 ||     1
 Cast: Magic Dart        |   131 |   175 ||   306
       Call Imp          |     2 |    24 ||    26
  Use: Scroll            |     3 |     5 ||     8
       Potion            |       |     2 ||     2
 Stab: Sleeping          |       |     1 ||     1
       Distracted        |       |     1 ||     1
Armor: Skin              |     6 |    19 ||    25
Dodge: Dodged            |    47 |    88 ||   135

Table legend: (Time is in decaauts)
 A = Elapsed time spent in this place.
 B = Non-inter-level travel time spent in this place.
 C = Inter-level travel time spent in this place.
 D = Time resting spent in this place.
 E = Time spent auto-exploring this place.
 F = Levels seen in this place.
 G = Mean time per level.
                   A        B        C        D        E       F      G
               +--------+--------+--------+--------+--------+-----+--------+
         Total |   7675 |   7255 |    420 |   3133 |   3029 |   4 | 1918.8 |
       Dungeon |   7675 |   7255 |    420 |   3133 |   3029 |   4 | 1918.8 |
               +--------+--------+--------+--------+--------+-----+--------+

Top non-repeatable levels by time:
     D:3: 2486 daAuts
     D:1: 1940 daAuts
     D:4: 1880 daAuts
     D:2: 1368 daAuts
